 Dungeon Crawl Stone Soup version 0.29-a0-322-g68df515428 (webtiles) character file.

Game seed: 7221359622490960030

15166 dolemite99 the Marksminotaur (level 11, 0/101 HPs)
             Began as a Minotaur Hunter on Apr 8, 2022.
             Was a Believer of Ashenzari.
             Slain by a skeletal warrior
             ... wielding a +0 trident
             ... led by a death knight
              (18 damage)
             ... on level 12 of the Dungeon.
             The game lasted 00:19:10 (16367 turns).

dolemite99 the Marksminotaur (Minotaur Hunter)     Turns: 16367, Time: 00:19:10

Health: 0/101      AC:  7    Str: 16    XL:     11   Next: 98%
Magic:  10/10      EV: 17    Int:  6    God:    Ashenzari [**....]
Gold:   714        SH:  0    Dex: 18    Spells: 10/10 levels left

rFire   . . .      SeeInvis +   a - +0 longbow (flame)
rCold   . . .      Faith    .   (shield currently unavailable)
rNeg    + . .      Spirit   .   r - +1 ring mail of Ashenzari's Omen {Range, Fort} (curse)
rPois   .          Reflect  .   (helmet restricted)
rElec   .          Harm     .   i - +0 cloak "Share My Altruism" {Evo, Comp} (curse)
rCorr   .          Rampage  .   (no gloves)
Will    .....                   (no boots)
Stlth   +.........              (no amulet)
HPRegen 0.26/turn               v - ring "Shattered With Me" {Wiz, Fort, Cun} (curse)
MPRegen 0.12/turn               y - ring of Ashenzari's Disgust {rN+, Self, Cun} (curse)

@: slowed, studying Maces & Flails, very slow
A: horns 2, retaliatory headbutt
a: Renounce Religion, Curse Item, Shatter the Chains


You were on level 12 of the Dungeon.
You worshipped Ashenzari.
Ashenzari was pleased with you.
You visited 3 branches of the dungeon, and saw 14 of its levels.

You collected 714 gold pieces.

Inventory:

Hand Weapons
 a - a +0 longbow of flaming (weapon)
 j - a +4 short sword
 n - the +10 mace "Guufiyqaer" {speed, rElec Will- Str+6 Stlth-}
   (You found it on level 4 of the Dungeon)

   Attacks with this weapon are significantly faster.
   Str:       It affects your strength (+6).
   rElec:     It insulates you from electricity.
   Will:      It decreases your willpower.
   Stlth:     It makes you less stealthy.
 H - a +2 short sword of speed
 K - a +0 vorpal flail
 M - a +0 longbow
Missiles
 d - 5 boomerangs
 f - 25 poisoned darts
 s - 6 atropa-tipped darts
 F - 2 curare-tipped darts
Armour
 i - the cursed +0 cloak "Share My Altruism" (worn) {Evo, Comp}
   (You found it on level 4 of the Dungeon)

   It has a curse which improves the following skills: Evocations: Evocations.
   Companions: Summonings and Necromancy.
 k - +0 fire dragon scales
 r - the cursed +1 ring mail of Ashenzari's Omen (worn) {Range, Fort}
   (You found it on level 2 of the Dungeon)

   It has a curse which improves the following skills: Ranged Combat: Slings,
   Bows, Crossbows and Throwing.
   Fortitude: Armour and Shields.
 x - a +0 scale mail
 J - a +0 cloak
Magical Staves
 g - a staff of air
Jewellery
 v - the cursed ring "Shattered With Me" (left hand) {Wiz, Fort, Cun}
   (You found it on level 3 of the Dungeon)

   [ring of wizardry]

   It improves your spell success rate.
   It has a curse which improves the following skills: Fortitude: Armour and
   Shields.
   Cunning:   Dodging and Stealth.
 y - the cursed ring of Ashenzari's Disgust (right hand) {rN+, Self, Cun}
   (You found it on level 5 of the Dungeon)

   [ring of positive energy]

   rN:        It protects you from negative energy.
   It has a curse which improves the following skills: Introspection: Fighting
   and Spellcasting.
   Cunning:   Dodging and Stealth.
 P - a +6 ring of dexterity
Wands
 I - a wand of paralysis (8)
Scrolls
 l - 7 scrolls of teleportation
 q - a scroll of fear
 u - a scroll of blinking
 w - 2 scrolls of enchant armour
 C - 2 scrolls of magic mapping
 D - a scroll of holy word
Potions
 c - 2 potions of flight
 e - a potion of lignification
 h - 3 potions of curing
 m - a potion of magic
 o - a potion of attraction
 p - 2 potions of might
 t - a potion of resistance
 z - a potion of brilliance
 A - 2 potions of haste
 B - a potion of ambrosia
 E - a potion of invisibility
 L - a potion of heal wounds
 O - 2 potions of cancellation
Miscellaneous
 N - a phial of floods (inert)


   Skills:
 - Level 9.5(10.7) Fighting
 - Level 16.7(17.8) Bows
 + Level 9.8(11.7) Dodging
 - Level 0.7(1.6) Stealth
 - Level 4.2(5.4) Evocations


You had 10 spell levels left.
You didn't know any spells.
Your spell library contained the following spells:

 Spells                   Type           Power      Damage    Failure   Level
 Corpse Rot               Necr/Air       0%         N/A       45%         2
 Ignite Poison            Fire/Tmut/Pois 0%         N/A       71%         3
 Mephitic Cloud           Conj/Pois/Air  0%         N/A       71%         3
 Dispel Undead            Necr           0%         3d6       96%         4
 Freezing Cloud           Conj/Ice/Air   0%         6-21      100%        5
 Death Channel            Necr           0%         N/A       100%        6


Dungeon Overview and Level Annotations

Branches:
Dungeon (12/15)            Temple (1/1) D:6            Lair (1/6) D:8
    Orc (0/2) D:9

Altars:
Ashenzari
Cheibriados
Dithmenos
Elyvilon
Fedhas
Gozag
Hepliaklqana
Kikubaaqudgha
Makhleb
Nemelex Xobeh
Okawaru
Qazlal
Ru
Sif Muna
Uskayaw
Vehumet
Xom
Yredelemnul
Zin
The Shining One

Shops:
D:3 [

Annotations:
D:3 Ijyb
D:6 Dowan, Duvessa
D:11 1 runed translucent door, PaleWalker's ghost, novice HOFi


Innate Abilities, Weirdness & Mutations

You have a pair of horns on your head.
You reflexively headbutt those who attack you in melee.


Message History

You feel much better. The centaur barely misses you.
The centaur kicks you but does no damage.
The centaur hits you but does no damage.
The centaur barely misses you.
Shoot: a) +0 longbow (flame)
Press: ? - help, Shift-Dir - straight line, f - centaur
Aim: a centaur (almost dead, 79% to hit)
You shoot an arrow. The arrow hits the centaur!
The arrow burns the centaur.
You kill the centaur!
The skeletal warrior hits you from afar with a +0 trident.
The skeletal warrior completely misses you.
The wraith hits you but does no damage.
The skeletal warrior closely misses you.
The wraith attacks as you move away! The wraith hits you but does no damage.
The wraith attacks as you move away! The wraith hits you.
The wraith drains your vigour!
You feel yourself slow down. The wraith attacks as you move away!
The wraith misses you. You furiously retaliate!
You headbutt the wraith. The wraith attacks as you move away!
The wraith hits you. The wraith drains your vigour!
You feel as though you will be slow longer.
The wraith hits you but does no damage. The skeletal warrior misses you.
The wraith hits you! The wraith drains your vigour!
You feel as though you will be slow longer.
The wraith attacks as you move away! The wraith completely misses you.
The wraith barely misses you.
The skeletal warrior hits you from afar with a +0 trident!!
The wraith hits you! The wraith drains your vigour!
You feel as though you will be slow longer.
The wraith attacks as you move away! The wraith closely misses you. x2
You furiously retaliate!
You headbutt the wraith.
The skeletal warrior hits you from afar with a +0 trident!
* * * LOW HITPOINT WARNING * * *
The wraith closely misses you. The wraith attacks as you move away!
The wraith closely misses you. The wraith attacks as you move away!
The wraith hits you but does no damage. The wraith attacks as you move away!
The wraith hits you!
* * * LOW HITPOINT WARNING * * *
The skeletal warrior hits you from afar with a +0 trident!!
You die...

*
#........#
#..# #.#
#........#
#..# #.#
#........#
#..# #.#
#........#
#..# #.# ,
#...)....#
#..# #.#
#........#
#..# #.#
#.......z#
#..# #.#
#......WW#
#..# #.#
#.......@#
#..# #.#
#........#
#..# #.#
#........#
#..# #.# *
#........#
#..# #.#
#........#
#..# #.# ,
#........#
#..# #.#
#........#
#..# #.#
#........#
#..####.#
,
#........#
#.......#


You could see a skeletal warrior and 2 wraiths.

Vanquished Creatures
  A hydra (D:11)
  Fannar (D:10)
  2 boulder beetles (D:12)
  A centaur warrior (D:11)
  A two-headed ogre (D:9)
  A death knight (D:12)
  An ugly thing (D:8)
  A manticore (D:12)
  2 trolls
  A hornet (D:8)
  Sigmund (D:5)
  2 wyverns
  20 yaks
  2 wraiths (D:12)
  2 steam dragons
  4 water moccasins
  6 orc warriors
  2 ice beasts
  3 sky beasts
  2 black bears (D:8)
  7 centaurs
  5 ogres
  A phantom (D:6)
  3 kobold brigands
  7 bullfrogs
  7 scorpions
  3 necrophages
  12 wights
  5 killer bees (D:7)
  4 howler monkeys
  4 hounds
  3 jellies (D:5)
  3 orc priests (D:9)
  A gnoll shaman (D:6)
  9 orc wizards
  2 iguanas
  4 gnolls (D:6)
  13 adders
  2 river rats (D:11)
  A white imp (D:4)
  2 worms
  6 dart slugs
  39 orcs
  3 bats
  11 endoplasms
  5 giant cockroaches
  4 goblins
  7 hobgoblins
  4 jackals (D:2)
  7 quokkas
  7 ball pythons
  3 frilled lizards (D:1)
  18 kobolds
  9 rats
277 creatures vanquished.

Vanquished Creatures (others)
  36 fungi
  36 plants
  3 toadstools (D:1)
75 creatures vanquished.

Grand Total: 352 creatures vanquished

Notes
Turn   | Place    | Note
-------+----------+-------------------------------------------
     0 | D:1      | dolemite99 the Minotaur Hunter began the quest for the Orb.
     0 | D:1      | Reached XP level 1. HP: 18/18 MP: 0/0
    51 | D:1      | Found a faded altar of an unknown god.
    62 | D:1      | Prayed at the altar of an unknown god.
    62 | D:1      | Became a worshipper of Elyvilon the Healer
    62 | D:1      | Reached * piety under Elyvilon
   146 | D:1      | Reached XP level 2. HP: 22/25 MP: 1/1
   350 | D:1      | Reached skill level 5 in Bows
   756 | D:2      | Reached XP level 3. HP: 22/30 MP: 2/2
   986 | D:2      | Reached ** piety under Elyvilon
  1686 | D:2      | Reached skill level 6 in Bows
  1836 | D:2      | Reached XP level 4. HP: 34/37 MP: 3/3
  2151 | D:3      | Found a broken altar of Ashenzari.
  2168 | D:3      | Fell from the grace of Elyvilon
  2168 | D:3      | Became a worshipper of Ashenzari the Shackled
  2264 | D:3      | Found Ygurghufi's Antique Armour Shop.
  3186 | D:3      | Noticed Ijyb
  3220 | D:4      | Noticed a scorpion
  3365 | D:4      | Reached skill level 7 in Bows
  3365 | D:4      | Reached XP level 5. HP: 32/42 MP: 4/4
  3450 | D:4      | Reached * piety under Ashenzari
  3463 | D:4      | Identified the +10 mace "Guufiyqaer" {speed, rElec Will-
                  | Str+6 Stlth-}
  3760 | D:4      | Noticed a steam dragon
  3771 | D:4      | Reached XP level 6. HP: 20/50 MP: 5/5
  3827 | D:4      | Killed a steam dragon
  4066 | D:4      | Found a sparkling altar of Nemelex Xobeh.
  4501 | D:4      | Reached ** piety under Ashenzari
  4575 | D:4      | Noticed an orc warrior
  4598 | D:4      | Killed an orc warrior
  4599 | D:4      | Reached XP level 7. HP: 56/56 MP: 6/6
  4616 | D:4      | Reached skill level 8 in Bows
  4904 | D:5      | Entered Level 5 of the Dungeon
  5098 | D:5      | Reached skill level 9 in Bows
  5136 | D:5      | Found an opulent altar of Gozag.
  5468 | D:5      | Reached XP level 8. HP: 62/62 MP: 7/7
  5490 | D:5      | Reached skill level 10 in Bows
  5591 | D:5      | Found a glowing drain.
  5739 | D:5      | Noticed Sigmund
  5740 | D:5      | Killed Sigmund
  5741 | D:5      | Reached skill level 11 in Bows
  6251 | D:6      | Found a staircase to the Ecumenical Temple.
  6692 | Temple   | Entered the Ecumenical Temple
  6796 | D:6      | Reached *** piety under Ashenzari
  6806 | D:6      | Reached skill level 12 in Bows
  6861 | D:6      | Noticed Dowan
  6862 | D:6      | Noticed Duvessa
  6956 | D:5      | Reached XP level 9. HP: 37/71 MP: 8/8
  7377 | D:6      | Reached skill level 13 in Bows
  8817 | D:7      | Found a glowing golden altar of the Shining One.
  8902 | D:7      | Reached skill level 14 in Bows
  9207 | D:7      | Found a shimmering altar of Xom.
  9357 | D:6      | Reached **** piety under Ashenzari
  9532 | D:6      | Identified a scroll of acquirement
  9950 | D:8      | Reached skill level 5 in Fighting
  9950 | D:8      | Reached XP level 10. HP: 74/84 MP: 9/9
 10196 | D:8      | Found a shadowy altar of Dithmenos.
 10371 | D:8      | Reached skill level 5 in Dodging
 10698 | D:8      | Found a staircase to the Lair.
 11068 | D:8      | Noticed a green ugly thing
 11081 | D:8      | Killed a green ugly thing
 11829 | D:9      | Found a staircase to the Orcish Mines.
 12524 | D:9      | Found a glowing silver altar of Zin.
 12525 | D:9      | Acquired a +0 longbow of flaming
 12578 | D:9      | Reached XP level 11. HP: 98/101 MP: 10/10
 12744 | D:9      | Found a hazy altar of Hepliaklqana.
 12891 | D:9      | Found a basalt altar of Yredelemnul.
 12987 | D:9      | Noticed a two-headed ogre
 12991 | D:9      | Killed a two-headed ogre
 13186 | D:9      | Found a white marble altar of Elyvilon.
 13279 | D:10     | Entered Level 10 of the Dungeon
 13661 | D:10     | Noticed Fannar
 13672 | D:10     | Killed Fannar
 13673 | D:10     | Reached skill level 15 in Bows
 14121 | Lair:1   | Entered Level 1 of the Lair of Beasts
 14330 | D:11     | Noticed a centaur warrior
 14335 | D:11     | Killed a centaur warrior
 15006 | D:11     | Noticed a six-headed hydra
 15008 | D:11     | Found a runed translucent door.
 15259 | D:11     | Killed a six-headed hydra
 15381 | D:11     | Identified the +4 dagger of Qiadwyu {freeze, rF+ Dex+5
                  | Stlth-}
 15452 | D:11     | Noticed PaleWalker's ghost (novice HOFi)
 15507 | D:12     | Noticed a boulder beetle
 15523 | D:12     | Killed a boulder beetle
 15524 | D:12     | Reached skill level 16 in Bows
 15947 | D:12     | Noticed a boulder beetle
 15969 | D:12     | Killed a boulder beetle
 16301 | D:12     | Noticed a death knight
 16303 | D:12     | Noticed a skeletal warrior
 16345 | D:12     | Killed a death knight
 16367 | D:12     | Slain by a skeletal warrior

Illustrated notes

Levels and vault maps discovered:
D:1:      minmay_arrival_up_and_down, layout_rooms,
          chequers_ecumenical_altar_island, minivault_27,
          minmay_gold_behind_fungi, minmay_split_cup_small
D:2:      layout_rooms
D:3:      layout_rooms, mainiacjoe_overflow_tiny_flanked, serial_shops, shop,
          uniq_ijyb
D:4:      kennysheep_spiral_hall, layout_basic,
          nemelex_xobeh_ov_fountains_minmay, hangedman_decor_clover_reticule,
          minmay_unequal
D:5:      layout_basic, nicolae_gozag_seed_capital, gup_sewer_entry_glass,
          uniq_sigmund
D:6:      layout_loops_cross, minmay_temple_entry_overgrown, uniq_duvessa
D:7:      layout_rooms, kennysheep_mini, nicolae_tso_carved_into_rock
D:8:      layout_loops_cross, grunt_dithmenos_smoke_and_mirrors,
          nicolae_overflow_hidden_temple, due_lair_maze_entry_diamond
D:9:      layout_irregular_city, nicolae_elyvilon_temple_path, zin_treasury,
          worldfamousw_hep_ancestral_shrine, mainiacjoe_overflow_catwalk,
          david_orc_3, serial_column_ruins, column_ruins_square_medium,
          column_ruins_grid_1, column_ruins_grid_1,
          column_ruins_columns_dead_end, column_ruins_open_small_water,
          column_ruins_corridor_T, column_ruins_open_large,
          dreamdust_princess_corridor
D:10:     layout_basic, uniq_fannar
D:11:     layout_long_grid, ebering_ghost_reflecting_pool, pond
D:12:     layout_long_grid, palyth_stone_intersect
Temple:   eino_wide_crystal_templ
Lair:1:   layout_gridlike, ebering_ghost_disaster_area, grunt_megastairs_4

Skill      XL: |  1  2  3  4  5  6  7  8  9 10 11 |
---------------+----------------------------------+-----
Bows           | 5 6 7 9 12 14 16 | 16.7
Evocations     | 4 |  4.2
Fighting       | 5 9 |  9.5
Dodging        | 4 8 9 |  9.8
Stealth        | |  0.7

Action                   |  1- 3 |  4- 6 |  7- 9 | 10-12 || total
-------------------------+-------+-------+-------+-------++-------
 Fire: Shortbow          |   102 |   114 |   350 |   256 ||   822
       Longbow           |       |       |       |   162 ||   162
Invok: Curse Item        |       |     2 |     3 |       ||     5
       Shatter the Chain |       |       |       |     1 ||     1
Evoke: Wand              |       |     4 |     1 |    12 ||    17
       Phial of floods   |       |       |       |     1 ||     1
  Use: Scroll            |     1 |    10 |       |     4 ||    15
       Potion            |       |       |       |     4 ||     4
Armor: Leather armour    |     7 |       |       |       ||     7
       Ring mail         |     3 |    22 |    49 |    31 ||   105
Dodge: Dodged            |    47 |    24 |    80 |   138 ||   289

Table legend: (Time is in decaauts)
 A = Elapsed time spent in this place.
 B = Non-inter-level travel time spent in this place.
 C = Inter-level travel time spent in this place.
 D = Time resting spent in this place.
 E = Time spent auto-exploring this place.
 F = Levels seen in this place.
 G = Mean time per level.
                   A        B        C        D        E       F      G
               +--------+--------+--------+--------+--------+-----+--------+
         Total |  16385 |  15710 |    675 |   7206 |   6023 |  14 | 1170.4 |
       Dungeon |  16302 |  15649 |    653 |   7206 |   5979 |  12 | 1358.5 |
        Temple |     72 |     51 |     21 |      0 |     44 |   1 |   72.0 |
          Lair |     10 |     10 |      0 |      0 |      0 |   1 |   10.0 |
               +--------+--------+--------+--------+--------+-----+--------+

Top non-repeatable levels by time:
     D:6: 1952 daAuts
     D:9: 1767 daAuts
     D:8: 1763 daAuts
     D:5: 1731 daAuts
     D:4: 1711 daAuts
     D:2: 1435 daAuts
    D:10: 1334 daAuts
     D:7: 1260 daAuts
     D:3: 1154 daAuts
    D:12: 903 daAuts
     D:1: 668 daAuts
    D:11: 619 daAuts
  Temple: 72 daAuts
  Lair:1: 10 daAuts
